 Dungeon Crawl Stone Soup version 0.22.1-1-ga44c0e56f4 (webtiles) character file.

10792 Jannitor the Grappler (level 11, -6/104 (105) HPs)
             Began as a Troll Venom Mage on Nov 8, 2018.
             Was the Champion of Cheibriados.
             Mangled by Gastronok (29 damage)
             ... on level 10 of the Dungeon on Nov 9, 2018.
             The game lasted 00:29:45 (9788 turns).

Jannitor the Grappler (Troll Venom Mage)            Turns: 9788, Time: 00:29:45

HP:   -6/104 (105)  AC: 14    Str: 38    XL:     11   Next: 40%
MP:   5/15          EV: 10    Int: 29    God:    Cheibriados [******]
Gold: 473           SH:  4    Dex: 27    Spells: 5/17 levels left

rFire    + + .     SeeInvis .     - Unarmed
rCold    x . .     Gourm    +   (no shield)
rNeg     . . .     Faith    .   l - +0 fire dragon scales
rPois    .         Spirit   .   j - +1 hat
rElec    .         Reflect  +   y - +0 cloak
rCorr    .         Harm     .   (gloves unavailable)
MR       .....                  (boots unavailable)
Stlth    ++........             k - +4 amulet of reflection
HPRegen  0.67/turn              w - ring of stealth (curse)
MPRegen  0.14/turn              s - +2 ring of dexterity

@: mighty, confusing touch, very slow
A: large, unfitting armour, claws 3, fast metabolism 3, gourmand, regeneration
1, shaggy fur 1, tough skin 2
a: Bend Time, Temporal Distortion, Slouch, Step From Time, Renounce Religion


You were on level 10 of the Dungeon.
You worshipped Cheibriados.
Cheibriados was exalted by your worship.
You were very full.

You visited 2 branches of the dungeon, and saw 11 of its levels.
You also visited: Ossuary.

You collected 473 gold pieces.

Inventory:

Missiles
 C - 4 throwing nets (quivered)
 F - 111 arrows
Armour
 a - a +1 robe
 h - a +2 robe of magic resistance
 j - a +1 hat (worn)
 l - +0 fire dragon scales (worn)
 y - a +0 cloak (worn)
 B - a scarf of cloud immunity
Jewellery
 k - a +4 amulet of reflection (around neck)
 r - an uncursed ring of flight
 s - a +2 ring of dexterity (right claw)
 w - a cursed ring of stealth (left claw)
 E - an uncursed amulet of magic regeneration
Wands
 b - a wand of polymorph (40)
 i - a wand of digging (15)
Scrolls
 d - 4 scrolls of enchant armour
 e - a scroll of identify
 m - a scroll of fear
 n - 2 scrolls of magic mapping
 p - 6 scrolls of remove curse
 u - a scroll of amnesia
 x - 2 scrolls of fog
 z - 3 scrolls of teleportation
 H - a scroll of enchant weapon
Potions
 f - 2 potions of ambrosia
 g - 3 potions of brilliance
 o - a potion of curing
 q - 2 potions of magic
 A - a potion of berserk rage
 G - a potion of flight
Comestibles
 c - 22 rations


   Skills:
 - Level 5.9 Fighting
 + Level 2.5 Armour
 - Level 2.2 Dodging
 - Level 1.0 Stealth
 - Level 10.3 Unarmed Combat
 - Level 3.6 Spellcasting
 - Level 0.6 Conjurations
 - Level 2.0 Hexes
 - Level 1.0 Transmutations
 - Level 1.3 Air Magic
 - Level 6.0 Poison Magic
 + Level 6.5 Invocations


You had 5 spell levels left.
You knew the following spells:

 Your Spells              Type           Power        Failure   Level  Hunger
a - Sting                 Conj/Pois      ###.         3%          1    None
b - Poisonous Vapours     Pois/Air       ####..       4%          2    None
c - Olgreb's Toxic Radia  Pois           #####...     12%         4    ####...
d - Confusing Touch       Hex            ###...       7%          1    None
e - Animate Skeleton      Necr           N/A          16%         1    None
f - Beastly Appendage     Tmut           ##....       10%         1    None
g - Sticks to Snakes      Tmut           ##......     14%         2    None

Your spell library contained the following spells:

 Spells                   Type           Power        Failure   Level  Hunger
 Spider Form              Tmut/Pois      ####......   11%         3    ##.....
 Apportation              Tloc           #.....       16%         1    None
 Summon Small Mammal      Summ           #...         16%         1    None
 Mephitic Cloud           Conj/Pois/Air  ###.....     16%         3    ##.....
 Venom Bolt               Conj/Pois      ###.......   71%         5    #####..
 Ice Form                 Ice/Tmut       #.......     75%         4    ####...
 Blade Hands              Tmut           ##........   95%         5    #####..


Dungeon Overview and Level Annotations

Branches:
Dungeon (10/15)            Temple (1/1) D:4            Lair (0/6) D:9
    Orc: D:9-12

Altars:
Ashenzari
Cheibriados
Dithmenos
Gozag
Hepliaklqana
Kikubaaqudgha
Nemelex Xobeh
Okawaru
Qazlal
Sif Muna
Trog
Uskayaw
Vehumet
Wu Jian
Xom
Yredelemnul

Shops:
D:9 [

Annotations:
D:3 2 transporters, potatolover's ghost, amateur SpAs
D:8 1 runed door, destino's ghost, novice SpCj
D:10 Gastronok; Urug


Innate Abilities, Weirdness & Mutations

You are too large for most types of armour.
You have claws for hands.
Your metabolism is lightning-fast.
You like to eat raw meat.
Your natural rate of healing is unusually fast.
You are covered in fur. (AC +1)
You have very tough skin. (AC +2)


Message History

Gastronok is severely wounded.
Casting: Confusing Touch (safe; 7% risk of failure)
Confirm with . or Enter, or press ? or * to list all spells.
Your claws begin to glow red.
Gastronok is no longer covered in acid.
Gastronok bites you!
You scratch Gastronok but do no damage. You claw Gastronok, but do no damage.
Gastronok is severely wounded.
You scratch Gastronok but do no damage.
Gastronok is severely wounded.
Gastronok bites you!!
* * * LOW HITPOINT WARNING * * *
Unknown command.
You scratch Gastronok but do no damage.
Gastronok is severely wounded.
You scratch Gastronok but do no damage.
Gastronok is severely wounded.
You scratch Gastronok but do no damage.
Gastronok is severely wounded.
Gastronok bites you!!
You die...

##.# #####'#######
##)#########............
.)........##............
..........##............
..........##............
..........##............
..........#..†..........
........................
..........######@########
########.## #.w......# ###.#
###########'#### #...#
#..............# ######'####
#..............#
.....S....###..............#
......)...#.'..............#
..........#.#.†............#
.>........'.#.....ZZ.......#


You could see Gastronok.

Vanquished Creatures
  A fire dragon (D:9)
  Harold (D:7)
  A two-headed ogre (D:9)
  Erica (D:8)
  An unseen horror (D:10)
  Pikel (D:8)
  A troll (D:10)
  A queen bee (D:8)
  A hornet (D:9)
  2 hippogriffs
  Sigmund (D:2)
  Eustachio (D:5)
  Duvessa (D:6)
  A sky beast (D:8)
  A hornet zombie (D:6)
  5 ice beasts
  2 orc warriors
  3 phantoms
  3 black bears
  2 ogres
  4 slaves (D:8)
  A necrophage (D:9)
  2 centaurs
  A crocodile (D:7)
  2 bullfrogs
  A scorpion (D:7)
  A water moccasin skeleton (D:10)
  29 killer bees
  7 wights
  2 howler monkeys
  A crimson imp (D:6)
  4 bullfrog zombies (Ossuary)
  3 centaur zombies
  A quasit (D:10)
  5 orc priests
  A bullfrog skeleton (D:8)
  2 hounds
  2 jellies
  16 orc wizards
  An iguana (D:10)
  A centaur skeleton (D:10)
  Ijyb (D:4)
  5 worker ants
  Terence (D:1)
  A killer bee zombie (Ossuary)
  3 hound zombies
  15 mummies (Ossuary)
  2 howler monkey zombies (Ossuary)
  5 worker ant zombies
  14 adders
  3 gnolls (D:9)
  A howler monkey skeleton (D:4)
  2 shadow imps
  An ooze (D:2)
  6 adder zombies (Ossuary)
  5 worms
  5 dart slugs
  8 leopard geckos
  35 orcs
  A ball python (D:2)
  5 giant cockroaches
  10 goblins
  6 hobgoblins
  8 kobolds
  5 quokkas
  6 bats
  4 frilled lizards
  A leopard gecko zombie (Ossuary)
  A quokka skeleton (D:9)
  A quokka zombie (Ossuary)
  5 rats
  2 rat zombies (D:4)
  A plant (D:1)
287 creatures vanquished.

Vanquished Creatures (collateral kills)
  An ice beast (D:6)
  A sky beast (D:6)
  Dowan (D:6)
  A wight (D:8)
  An orc wizard (D:7)
  An orc (D:7)
6 creatures vanquished.

Grand Total: 293 creatures vanquished

Notes
Turn   | Place    | Note
-------+----------+-------------------------------------------
     0 | D:1      | Jannitor the Troll Venom Mage began the quest for the Orb.
     0 | D:1      | Reached XP level 1. HP: 16/16 MP: 1/1
   136 | D:1      | Reached skill level 1 in Unarmed Combat
   273 | D:1      | Reached XP level 2. HP: 26/26 MP: 0/2
   828 | D:1      | Reached XP level 3. HP: 32/32 MP: 3/3
   980 | D:1      | Reached skill level 1 in Fighting
  1137 | D:2      | Reached skill level 2 in Unarmed Combat
  1150 | D:2      | Learned a level 2 spell: Poisonous Vapours
  1346 | D:2      | Reached XP level 4. HP: 41/41 MP: 2/4
  1383 | D:2      | Noticed Terence
  1462 | D:1      | Killed Terence
  1723 | D:2      | Reached skill level 3 in Unarmed Combat
  1767 | D:2      | Noticed Sigmund
  1779 | D:2      | Killed Sigmund
  1779 | D:2      | Reached skill level 1 in Air Magic
  1779 | D:2      | Reached XP level 5. HP: 23/49 MP: 0/5
  1779 | D:2      | Reached XP level 6. HP: 27/57 MP: 0/6
  2386 | D:3      | Reached skill level 4 in Unarmed Combat
  2494 | D:3      | Found a transporter.
  2494 | D:3      | Noticed potatolover's ghost (amateur SpAs)
  2509 | D:3      | Found a transporter.
  2694 | D:4      | Found a staircase to the Ecumenical Temple.
  2717 | Temple   | Entered the Ecumenical Temple
  2773 | Temple   | Became a worshipper of Cheibriados the Contemplative
  2888 | D:4      | Noticed Ijyb
  2895 | D:4      | Killed Ijyb
  2923 | D:4      | Reached XP level 7. HP: 66/66 MP: 2/8
  3062 | D:4      | Found a sand-covered staircase.
  3069 | Ossuary  | Entered an ossuary
  3077 | Ossuary  | Learned a level 4 spell: Olgreb's Toxic Radiance
  3183 | Ossuary  | Reached * piety under Cheibriados
  3244 | Ossuary  | Reached skill level 5 in Unarmed Combat
  3309 | Ossuary  | Reached skill level 1 in Invocations
  3388 | Ossuary  | Reached ** piety under Cheibriados
  3436 | Ossuary  | Reached XP level 8. HP: 75/75 MP: 10/10
  4094 | D:5      | Entered Level 5 of the Dungeon
  4124 | D:5      | Reached skill level 6 in Unarmed Combat
  4274 | D:5      | Noticed Eustachio
  4289 | D:5      | Killed Eustachio
  4791 | D:5      | Learned a level 1 spell: Confusing Touch
  5078 | D:6      | Reached *** piety under Cheibriados
  5087 | D:6      | Learned a level 1 spell: Animate Skeleton
  5252 | D:6      | Reached skill level 1 in Hexes
  5274 | D:6      | Reached skill level 7 in Unarmed Combat
  5422 | D:6      | Reached XP level 9. HP: 84/84 MP: 11/11
  5504 | D:6      | Noticed Duvessa
  5504 | D:6      | Noticed Dowan
  5515 | D:6      | Killed Dowan
  5516 | D:6      | Killed Duvessa
  6003 | D:7      | Reached **** piety under Cheibriados
  6012 | D:7      | Reached skill level 8 in Unarmed Combat
  6038 | D:7      | Learned a level 1 spell: Beastly Appendage
  6052 | D:7      | Noticed Harold
  6067 | D:7      | Killed Harold
  6067 | D:7      | Reached skill level 5 in Poison Magic
  6387 | D:7      | Found a deep blue altar of Sif Muna.
  6615 | D:7      | Reached XP level 10. HP: 94/94 MP: 13/13
  6626 | D:7      | Found a basalt altar of Yredelemnul.
  7014 | D:8      | Noticed Gastronok
  7055 | D:8      | Reached skill level 5 in Fighting
  7237 | D:8      | Reached skill level 9 in Unarmed Combat
  7309 | D:8      | Reached ***** piety under Cheibriados
  7339 | D:8      | Noticed Pikel
  7513 | D:8      | Noticed Erica
  7704 | D:8      | HP: 2/96 [something (5)]
  7838 | D:8      | Killed Erica
  7838 | D:8      | Reached skill level 5 in Invocations
  8017 | D:8      | Killed Pikel
  8308 | D:8      | Found a runed door.
  8308 | D:8      | Found a shimmering altar of Xom.
  8308 | D:8      | Noticed a trident of chaos
  8308 | D:8      | Noticed destino's ghost (novice SpCj)
  8349 | D:9      | Found Seoneorod's Antique Armour Shop.
  8376 | D:9      | Reached skill level 10 in Unarmed Combat
  8592 | D:9      | Noticed a fire dragon
  8601 | D:9      | Learned a level 2 spell: Sticks to Snakes
  8748 | D:9      | Noticed a two-headed ogre
  8758 | D:9      | Killed a two-headed ogre
  8758 | D:9      | Reached XP level 11. HP: 68/104 MP: 7/15
  8918 | D:9      | Found a hide-covered altar of Uskayaw.
  9021 | D:9      | Killed a fire dragon
  9021 | D:9      | Reached skill level 1 in Transmutations
  9055 | D:9      | Found a staircase to the Lair.
  9231 | D:10     | Entered Level 10 of the Dungeon
  9353 | D:10     | Reached skill level 1 in Armour
  9395 | D:10     | Reached ****** piety under Cheibriados
  9570 | D:10     | Noticed Urug
  9629 | D:10     | Killed an unseen horror
  9788 | D:10     | Mangled by Gastronok

Skill      XL: |  1  2  3  4  5  6  7  8  9 10 11 |
---------------+----------------------------------+-----
Unarmed Combat | 1 2 3 4 5 7 8 10 | 10.3
Fighting       | 1 2 3 4 5 |  5.9
Air Magic      | 1 |  1.3
Poison Magic   | 3 4 5 6 |  6.0
Invocations    | 1 2 4 5 6 |  6.5
Spellcasting   | 2 3 |  3.6
Hexes          | 1 2 |  2.0
Dodging        | 2 |  2.2
Transmutations | 1 |  1.0
Armour         | 2 |  2.5
Stealth        | |  1.0
Conjurations   | |  0.6

Action                   |  1- 3 |  4- 6 |  7- 9 | 10-12 || total
-------------------------+-------+-------+-------+-------++-------
Melee: Unarmed           |    95 |   157 |   372 |   218 ||   842
       Punch             |     2 |       |    15 |    21 ||    38
       Kick              |       |       |     2 |     8 ||    10
       Headbutt          |       |       |       |     4 ||     4
 Cast: Sting             |    10 |     5 |     1 |       ||    16
       Poisonous Vapours |     2 |    12 |    13 |    10 ||    37
       Animate Skeleton  |       |       |    13 |    17 ||    30
       Confusing Touch   |       |       |     7 |    12 ||    19
       Olgreb's Toxic Ra |       |       |     2 |    25 ||    27
       Beastly Appendage |       |       |     1 |     5 ||     6
       Sticks to Snakes  |       |       |       |    12 ||    12
Evoke: Wand              |       |       |       |     4 ||     4
  Use: Scroll            |       |    10 |     8 |     5 ||    23
       Potion            |       |       |     6 |    12 ||    18
 Stab: Sleeping          |     2 |       |     8 |     4 ||    14
       Distracted        |       |       |     2 |       ||     2
       Confused          |       |       |     5 |     3 ||     8
       Invisible         |       |       |       |     1 ||     1
  Eat: Chunk             |    18 |    17 |    24 |    22 ||    81
Armor: Robe              |    30 |    43 |   102 |    45 ||   220
       Fire dragon scale |       |       |       |    50 ||    50
Dodge: Dodged            |    45 |    60 |   131 |   117 ||   353
Block: Other             |       |    21 |    42 |    46 ||   109
       Reflection        |       |     2 |       |     1 ||     3
